 Dungeon Crawl Stone Soup version 0.22.1-2-g9c5b331 (webtiles) character file.

217 whitewolfNL the Cudgeler (level 5, -1/46 HPs)
             Began as a Minotaur Berserker on Nov 21, 2018.
             Was a Believer of Trog.
             Slain by a scorpion (4 damage)
             ... on level 4 of the Dungeon.
             The game lasted 00:13:35 (3847 turns).

whitewolfNL the Cudgeler (Minotaur Berserker)       Turns: 3847, Time: 00:13:35

Health: -1/46      AC:  4    Str: 22    XL:     5   Next: 61%
Magic:  4/4        EV: 13    Int:  5    God:    Trog [**....]
Gold:   168        SH:  0    Dex:  9    Spells: 4/4 levels left

rFire    . . .     SeeInvis .   y - +0 mace
rCold    . . .     Gourm    .   (no shield)
rNeg     . . .     Faith    .   n - +0 leather armour (curse)
rPois    .         Spirit   .   (helmet restricted)
rElec    .         Reflect  .   w - +0 cloak
rCorr    .         Harm     .   (no gloves)
MR       .....                  (no boots)
Stlth    +.........             (no amulet)
HPRegen  0.15/turn              h - ring of flight
MPRegen  0.09/turn              (no ring)

@: lethally poisoned (-1 -> -15), berserk cooldown, slowed, very slow
A: retaliatory headbutt, horns 2
a: Berserk, Trog's Hand, Renounce Religion, Evoke Flight


You were on level 4 of the Dungeon.
You worshipped Trog.
Trog was pleased with you.
You were near starving.

You visited 1 branch of the dungeon, and saw 4 of its levels.

You collected 168 gold pieces.

Inventory:

Hand Weapons
 y - a +0 mace (weapon)
Missiles
 d - 64 bolts
 k - 75 stones (quivered)
 v - 44 arrows
Armour
 n - a cursed +0 leather armour (worn)
 w - a +0 cloak (worn)
Jewellery
 h - a ring of flight (left hand)
Scrolls
 a - a scroll of fear {unknown}
 e - 3 scrolls of remove curse {unknown}
 f - 4 scrolls of identify {unknown}
 g - a scroll of enchant armour {unknown}
 i - a scroll of amnesia {unknown}
 j - 2 scrolls of teleportation {unknown}
 r - 2 scrolls of enchant weapon {unknown}
Potions
 b - 4 potions of curing {unknown}
 l - 2 potions of flight {unknown}
 m - a potion of mutation {unknown}
 o - 2 potions of brilliance {unknown}
 p - a potion of agility {unknown}
 q - a potion of heal wounds {unknown}
 s - a potion of cancellation {unknown}
 t - 2 potions of degeneration {unknown}
 u - a potion of haste {unknown}
Comestibles
 c - 5 rations


   Skills:
 + Level 4.1 Fighting
 * Level 5.3 Maces & Flails
 * Level 3.5 Armour
 * Level 3.7 Dodging
 * Level 1.4 Stealth
 * Level 1.0 Evocations


You had 4 spell levels left.
You didn't know any spells.
Your spell library was empty.

Dungeon Overview and Level Annotations

Branches:
Dungeon (4/15)
 Temple: D:4-7

Altars:


Innate Abilities, Weirdness & Mutations

You reflexively headbutt those who attack you in melee.
You have a pair of horns on your head.


Message History

You are more poisoned.
The scorpion poisons you!
You hit the scorpion.
The scorpion is heavily wounded.
You feel sick. The scorpion stings you.
You are more poisoned.
The scorpion poisons you!
You hit the scorpion but do no damage.
The scorpion is heavily wounded.
You feel very sick. The scorpion stings you.
* * * LOW HITPOINT WARNING * * *
The scorpion stings you!
* * * LOW HITPOINT WARNING * * *
You hit the scorpion.
The scorpion is severely wounded.
* * * LOW HITPOINT WARNING * * *
You feel very sick. The scorpion stings you.
You die...

#####.# #.# ...#.#
#.# #.#.# ###.## #
#...# #....#
#.#+####..######....#
#...(($#.......'....#
#.....(##.######....#
#.....('.....# #....#
#.....@###.#.# ######
...#####s....... ..
.......... .
.###..#### .. #.# ..
.. ?.. ..# ...


You could see a scorpion.

Vanquished Creatures
  An ogre (D:4)
  An orc priest (D:3)
  3 adders
  An ooze (D:2)
  2 dart slugs
  3 leopard geckos
  5 orcs
  4 giant cockroaches
  2 goblins
  11 hobgoblins
  10 kobolds
  2 quokkas (D:3)
  5 bats
  5 frilled lizards
  14 rats
69 creatures vanquished.

Notes
Turn   | Place    | Note
-------+----------+-------------------------------------------
     0 | D:1      | whitewolfNL the Minotaur Berserker began the quest for the
                  | Orb.
     0 | D:1      | Reached XP level 1. HP: 19/19 MP: 0/0
   501 | D:1      | Reached XP level 2. HP: 27/27 MP: 1/1
   504 | D:1      | Reached skill level 4 in Maces & Flails
   649 | D:1      | Reached ** piety under Trog
   663 | D:1      | Reached XP level 3. HP: 19/33 MP: 2/2
  1314 | D:2      | Found a faded altar of an unknown god.
  2580 | D:3      | Reached XP level 4. HP: 21/40 MP: 3/3
  2941 | D:3      | Reached skill level 1 in Stealth
  3828 | D:4      | Noticed an ogre
  3832 | D:4      | Killed an ogre
  3832 | D:4      | Reached skill level 5 in Maces & Flails
  3832 | D:4      | Reached skill level 1 in Evocations
  3832 | D:4      | Reached XP level 5. HP: 46/46 MP: 4/4
  3847 | D:4      | Slain by a scorpion

Skill      XL: |  1  2  3  4 |
---------------+-------------+-----
Maces & Flails | 4 5 |  5.3
Dodging        | 3 |  3.7
Fighting       | 4 |  4.1
Stealth        | 1 |  1.4
Armour         | 3 |  3.5
Evocations     | 1 |  1.0

Action                   |  1- 3 |  4- 6 || total
-------------------------+-------+-------++-------
Melee: Mace              |   101 |    48 ||   149
       Headbutt          |    11 |     6 ||    17
Invok: Berserk           |     3 |     2 ||     5
 Abil: Evoke Flight      |     1 |       ||     1
  Eat: Chunk             |     7 |     5 ||    12
Armor: Animal skin       |    20 |       ||    20
       Leather armour    |    16 |     9 ||    25
Dodge: Dodged            |    84 |    31 ||   115
